 Dungeon Crawl Stone Soup version 0.25-a0-435-g4b9beb1024 (webtiles) character file.

Game seed: 2979790352219570205, levelgen mode: deterministic

110 digijack the Insei (level 4, -2/36 HPs)
             Began as a Demigod Transmuter on Jan 27, 2020.
             Slain by a crimson imp (4 damage)
             ... on level 2 of the Dungeon.
             The game lasted 00:08:55 (2586 turns).

digijack the Insei (Demigod Transmuter)             Turns: 2586, Time: 00:08:56

Health: -2/36      AC:  0    Str: 15    XL:     4   Next: 35%
Magic:  10/10      EV: 13    Int: 17    God:
Gold:   66         SH:  0    Dex: 16    Spells: 6/7 levels left

rFire    . . .     SeeInvis .     - Unarmed
rCold    . . .     Gourm    .   (no shield)
rNeg     . . .     Faith    .   (no armour)
rPois    .         Spirit   .   (no helmet)
rElec    .         Reflect  .   (no cloak)
rCorr    .         Harm     .   (no gloves)
MR       .....                  (no boots)
Stlth    +.........             (no amulet)
HPRegen  0.12/turn              (no ring)
MPRegen  0.12/turn              (no ring)

@: no status effects
A: high mp 1
a: no special abilities


You were on level 2 of the Dungeon.
You were not hungry.

You visited 1 branch of the dungeon, and saw 2 of its levels.

You collected 66 gold pieces.

Inventory:

Missiles
 a - 34 arrows
 e - 32 stones (quivered)
Armour
 b - a +0 robe
Scrolls
 c - 2 scrolls of identify
 f - 3 scrolls of remove curse
Comestibles
 d - 4 rations
 g - a chunk of flesh


   Skills:
 + Level 1.9 Fighting
 + Level 2.5 Dodging
 + Level 3.2 Unarmed Combat
 + Level 2.4 Spellcasting
 + Level 2.5 Transmutations


You had 6 spell levels left.
You knew the following spells:

 Your Spells              Type           Power        Failure   Level  Hunger
a - Beastly Appendage     Tmut           ##....       7%          1    #......

Your spell library contained the following spells:

 Spells                   Type           Power        Failure   Level  Hunger
 Sticks to Snakes         Tmut           ##......     10%         2    ##.....
 Spider Form              Tmut/Pois      #.........   32%         3    ###....
 Ice Form                 Ice/Tmut       #.......     73%         4    #####..
 Blade Hands              Tmut           ##........   88%         5    ######.


Dungeon Overview and Level Annotations

Branches:
Dungeon (2/15)


Innate Abilities, Weirdness & Mutations

You have an increased reservoir of magic. (+10% MP)


Message History

You hit the crimson imp.
The crimson imp is heavily wounded.
The crimson imp blinks!
A rat comes into view.
The crimson imp blinks!
You hit the crimson imp.
The crimson imp is moderately wounded.
The crimson imp hits you.
* * * LOW HITPOINT WARNING * * *
You hit the crimson imp.
The crimson imp is heavily wounded.
The crimson imp hits you.
* * * LOW HITPOINT WARNING * * *
You barely miss the crimson imp.
The crimson imp is moderately wounded.
The crimson imp misses you.
You hit the crimson imp but do no damage.
The crimson imp is moderately wounded.
The crimson imp hits you.
You die...

....s.#
#..###.#.##.####
.#....#
#..##.......#
.#.##.#
#........####
.g.##.#
#...#....#####.#
.####.#
#..............#
.# #.#
........########
.. ..#
.##.........#
### ##
#.....###.#
#....@#
..<...5##
.##...r .......
#.....# #.#..#
#.#.. ...


You could see a crimson imp and a rat.

Vanquished Creatures
  6 adders
  A worm (D:2)
  A dart slug (D:2)
  2 leopard geckos (D:1)
  An orc (D:2)
  6 bats
  5 giant cockroaches
  8 goblins
  5 hobgoblins
  A ball python (D:1)
  2 frilled lizards (D:1)
  A jackal zombie (D:2)
  A kobold (D:1)
  11 rats (D:1)
51 creatures vanquished.

Notes
Turn   | Place    | Note
-------+----------+-------------------------------------------
     0 | D:1      | digijack the Demigod Transmuter began the quest for the
                  | Orb.
     0 | D:1      | Reached XP level 1. HP: 15/15 MP: 5/5
   108 | D:1      | Reached skill level 1 in Fighting
   347 | D:1      | You fall into a shaft and drop 1 floor!
   377 | D:1      | Reached XP level 2. HP: 19/23 MP: 7/7
  1318 | D:2      | Reached skill level 3 in Unarmed Combat
  1318 | D:2      | Reached XP level 3. HP: 20/28 MP: 6/8
  2094 | D:2      | Reached XP level 4. HP: 34/36 MP: 8/10
  2586 | D:2      | Slain by a crimson imp

Levels and vault maps discovered:
D:1:      lightli_arrival_quake, layout_basic, minmay_rat_gold_closets
D:2:      layout_loops_cross, uniq_sigmund

Skill      XL: |  1  2 |
---------------+-------+-----
Fighting       | 1 |  1.9
Dodging        | 2 |  2.5
Transmutations | 2 |  2.5
Spellcasting   | 2 |  2.4
Unarmed Combat | 3 |  3.2

Action                   |  1- 3 |  4- 6 || total
-------------------------+-------+-------++-------
Melee: Unarmed           |   158 |    52 ||   210
       Kick              |    13 |       ||    13
       Headbutt          |    17 |     6 ||    23
       Punch             |     1 |     2 ||     3
 Cast: Beastly Appendage |    19 |     3 ||    22
  Use: Scroll            |     1 |       ||     1
       Potion            |     1 |       ||     1
 Stab: Sleeping          |     2 |     1 ||     3
  Eat: Chunk             |     4 |     2 ||     6
Armor: Robe              |    30 |     2 ||    32
Dodge: Dodged            |   102 |    33 ||   135

Table legend:
 A = Non-vault XP
 B = Vault XP
 C = Vault XP percentage of total XP
 D = Non-vault monster count
 E = Vault monster count
 F = Vault count percentage of total count
                 A         B        C        D         E       F
            +---------+---------+-------+---------+---------+-------
      Total |     151 |       7 |   4.4 |      44 |       7 |  13.7
            +---------+---------+-------+---------+---------+-------
        D:1 |      54 |       7 |  11.5 |      25 |       7 |  21.9
        D:2 |      97 |       0 |   0.0 |      19 |       0 |   0.0
            +---------+---------+-------+---------+---------+-------
